 Dungeon Crawl Stone Soup version 0.30-a0-760-g5a9884bb7c (webtiles) character file.

Game seed: 16735367467060746495

48 BRD the Ducker (level 3, -2/28 HPs)
             Began as a Demonspawn Gladiator on Feb 11, 2023.
             Was an Initiate of Cheibriados.
             Slain by Sigmund
             ... wielding a +0 scythe
              (10 damage)
             ... on level 2 of the Dungeon.
             The game lasted 00:02:22 (1290 turns).

BRD the Ducker (Demonspawn Gladiator)               Turns: 1290, Time: 00:02:23

Health: -2/28      AC:  6    Str: 15    XL:     3   Next: 50%
Magic:  3/3        EV: 14    Int: 12    God:    Cheibriados [......]
Gold:   32         SH:  0    Dex: 15    Spells: 2/2 levels left

rFire   . . .      SeeInvis .    a - +0 war axe
rCold   . . .      Faith    .    (no shield)
rNeg    . . .      Spirit   .    b - +0 leather armour
rPois   .          Reflect  .    c - +0 helmet
rElec   .          Harm     .    (no cloak)
rCorr   .          Rampage  .    (no gloves)
Will    .....                    (no boots)
Stlth   +                        n - amulet of magic regeneration
HPRegen 0.24/turn                (no ring)
MPRegen 0.48/turn                (no ring)

@: very slow
A: repulsion field 1, ignite blood 1, sense surroundings 1, shaggy fur 2
a: Renounce Religion


You were on level 2 of the Dungeon.
You worshipped Cheibriados.
Cheibriados was noncommittal.
You visited 1 branch of the dungeon, and saw 2 of its levels.

You collected 32 gold pieces.

Inventory:

Hand Weapons
 a - a +0 war axe (weapon)
Missiles
 d - 3 throwing nets
 e - a javelin (quivered)
Armour
 b - a +0 leather armour (worn)
 c - a +0 helmet (worn)
Magical Staves
 p - a staff of earth
Jewellery
 n - an amulet of magic regeneration (around neck)
Scrolls
 f - a scroll of amnesia {unknown}
 g - a scroll of identify {unknown}
 h - a scroll of immolation {unknown}
 i - a scroll of enchant armour {unknown}
 j - 2 scrolls of butterflies {unknown}
 l - a scroll of vulnerability {unknown}
 m - a scroll of brand weapon {unknown}
 q - 2 scrolls of noise {unknown}
 s - a scroll of poison {unknown}


   Skills:
 + Level 2.7 Fighting
 + Level 3.2 Axes
 - Level 2.0 Throwing
 + Level 3.2 Dodging


You had 2 spell levels left.
You didn't know any spells.
Your spell library contained the following spells:

 Spells                   Type           Power      Damage    Failure   Level
 Portal Projectile        Hex/Tloc       0%         N/A       77%         3
 Tukima's Dance           Hex            0%         N/A       77%         3
 Blade Hands              Tmut           0%         N/A       100%        5


Dungeon Overview and Level Annotations

Branches:
Dungeon (2/15)

Altars:
Cheibriados

Annotations:
D:2 Sigmund


Innate Abilities, Weirdness & Mutations

You are surrounded by a mild repulsion field. (EV +2)
Your demonic aura sometimes causes spilled blood to erupt in flames.
You passively map a small area around you.
You are covered in thick fur. (AC +2)


Message History

It was a potion of ambrosia.
You are confused.
You feel invigorated.
It was a potion of mutation.
You feel extremely strange.
You feel a strange attunement to the structure of the dungeons.
Fur sprouts all over your body.
Your fur grows into a thick mane.
It was a potion of curing.
You feel better.
You feel less invigorated. Sigmund casts a spell at you.
You are confused.
Sigmund points at you and mumbles some strange words.
You resist with significant effort. Sigmund completely misses you.
You barely miss Sigmund. You closely miss Sigmund. Sigmund barely misses you.
You feel less confused. Sigmund closely misses you. Sigmund misses you.
You closely miss Sigmund. Sigmund gestures at you while chanting.
The puff of flame hits you!
You hit Sigmund.
Sigmund is moderately wounded.
Sigmund gestures wildly while chanting.
Sigmund flickers and vanishes!
Deactivating autopickup; reactivate with Ctrl-A.
You hit something.
You hear some strange, mumbled words.
A magic dart appears from out of thin air!
The magic dart hits you. Something hits you!
You closely miss something. You barely miss something.
Something barely misses you.
You closely miss something. Something hits you but does no damage.
You closely miss something.
You hear some strange, mumbled words.
A magic dart appears from out of thin air!
The magic dart hits you.
* * * LOW HITPOINT WARNING * * *
Something barely misses you.
You miss something. You barely miss something. Something hits you!
You die...

#..######. #..# , #..# *
* .# #..# * ,#
...###..###### * ##.#
.#......#..... .#.####
..........# ##....... ,
..####.#..# ,#!{...... ,
#, #.#..# .#@##.###. ,
#.####.#..####.#.##.# ,*
#).....†.......#....# *
#.####.........#..#.# # ,
##...####.#..#.###...
#.†#####............
*######.......##........#
##........##.....†#.###.#
* *
..............###........
, *


There were no monsters in sight!

Vanquished Creatures
  A gnoll (D:1)
  A worm (D:2)
  A dart slug (D:2)
  4 ball pythons
  5 bats
  An endoplasm (D:1)
  A giant cockroach (D:1)
  4 goblins (D:1)
  A hobgoblin (D:1)
  3 quokkas
  A frilled lizard (D:1)
  3 kobolds (D:1)
  5 rats
31 creatures vanquished.

Notes
Turn   | Place    | Note
-------+----------+-------------------------------------------
     0 | D:1      | BRD the Demonspawn Gladiator began the quest for the Orb.
     0 | D:1      | Reached XP level 1. HP: 16/16 MP: 1/1
   154 | D:1      | Gained mutation: Your demonic aura sometimes causes spilled
                  | blood to erupt in flames. [demonic ancestry]
   154 | D:1      | Reached XP level 2. HP: 17/23 MP: 2/2
   485 | D:1      | Gained mutation: You are surrounded by a mild repulsion
                  | field. (EV +2) [demonic ancestry]
   485 | D:1      | Reached XP level 3. HP: 28/28 MP: 3/3
  1125 | D:2      | Found a snail-covered altar of Cheibriados.
  1134 | D:2      | Became a worshipper of Cheibriados the Contemplative
  1271 | D:2      | Noticed Sigmund
  1275 | D:2      | Gained mutation: You passively map a small area around you.
                  | [potion of mutation]
  1275 | D:2      | Gained mutation: You are covered in fur. (AC +1) [potion of
                  | mutation]
  1275 | D:2      | Gained mutation: You are covered in thick fur. (AC +2)
                  | [potion of mutation]
  1290 | D:2      | Slain by Sigmund

Illustrated notes

Levels and vault maps discovered:
D:1:      lightli_arrival_maybe_door_vault, layout_loops_cross, st_stairs_2
D:2:      layout_loops_ring, basic_altar, uniq_sigmund

Skill      XL: |  1  2 |
---------------+-------+-----
Throwing       | 2 |  2.0
Dodging        | 3 |  3.2
Axes           | 3 |  3.2
Fighting       | |  2.7

Action                     || total
---------------------------++-------
  Melee: War axe           ||   109
    Use: Potion            ||     3
   Stab: Sleeping          ||     1
 Armour: Leather armour    ||    40
  Dodge: Dodged            ||    95

Table legend: (Time is in decaauts)
 A = Elapsed time spent in this place.
 B = Non-inter-level travel time spent in this place.
 C = Inter-level travel time spent in this place.
 D = Time resting spent in this place.
 E = Time spent auto-exploring this place.
 F = Levels seen in this place.
 G = Mean time per level.
                   A        B        C        D        E       F      G
               +--------+--------+--------+--------+--------+-----+--------+
         Total |   1335 |   1261 |     74 |    152 |    826 |   2 |  667.5 |
       Dungeon |   1335 |   1261 |     74 |    152 |    826 |   2 |  667.5 |
               +--------+--------+--------+--------+--------+-----+--------+

Top non-repeatable levels by time:
     D:1: 978 daAuts
     D:2: 356 daAuts
